 Dungeon Crawl Stone Soup version 0.30-a0-469-g84de5afbc5 (webtiles) character file.

Game seed: 4759881953484274639

699 Zonian the Ducker (level 7, 0/45 HPs)
             Began as a Djinni Ice Elementalist on Dec 19, 2022.
             Constricted to death by a ball python (1 damage)
             ... in a sewer.
             The game lasted 00:11:04 (7215 turns).

Zonian the Ducker (Djinni Ice Elementalist)         Turns: 7215, Time: 00:11:06

Health: 0/45       AC:  2    Str:  7    XL:     7   Next: 97%
Gold:   186        EV: 11    Int: 19    God:
                   SH:  0    Dex: 13

rFire   + + .      SeeInvis .    m - +1 dagger (venom)
rCold   x . .      Faith    .    (no shield)
rNeg    . . .      Spirit   .    a - +0 robe
rPois   ∞          Reflect  .    (no helmet)
rElec   .          Harm     .    (no cloak)
rCorr   .          Rampage  .    (no gloves)
Will    .....                    (boots unavailable)
Stlth   +++.......               r - amulet of the acrobat
HPRegen 0.27/turn                (no ring)
MPRegen 0.00/turn                (no ring)

@: about to teleport, flying, constricted
A: sickness immunity, fire resistance 2, cold vulnerability 1, float, innate
caster, HP casting, extra vitality 1, MP-powered wands
a: no special abilities


You were in a sewer.
You visited 1 branch of the dungeon, and saw 5 of its levels.
You also visited: Sewer.

You collected 186 gold pieces.

Inventory:

Hand Weapons
 h - a +0 dagger
 m - a +1 dagger of venom (weapon)
 v - a +1 short sword of freezing
Missiles
 g - 10 poisoned darts
Armour
 a - a +0 robe (worn)
Jewellery
 r - an amulet of the acrobat (around neck)
 w - a ring of see invisible
Wands
 s - a wand of iceblast (8)
Scrolls
 d - a scroll of immolation
 e - a scroll of vulnerability {unknown}
 f - 2 scrolls of teleportation
 i - 2 scrolls of fear {unknown}
 l - a scroll of blinking {unknown}
 o - 2 scrolls of identify {unknown}
 q - 3 scrolls of enchant armour {unknown}
 u - a scroll of magic mapping {unknown}
 x - a scroll of amnesia {unknown}
Potions
 b - 2 potions of heal wounds {unknown}
 c - a potion of lignification {unknown}
 j - a potion of mutation
 k - 2 potions of curing {unknown}
 n - 2 potions of might {unknown}
 p - 3 potions of degeneration {unknown}
 t - a potion of brilliance {unknown}


   Skills:
 + Level 5.5 Dodging
 + Level 4.4 Stealth
 + Level 4.8 Spellcasting


You couldn't memorise any spells.
You knew the following spells:

 Your Spells              Type           Power      Damage    Failure   Level
a - Freeze                Ice            92%        1d9       1%          1
b - Frozen Ramparts       Ice            46%        1d7       4%          3
c - Ozocubu's Armour      Ice            23%        N/A       4%          3
d - Summon Ice Beast      Ice/Summ       23%        N/A       17%         4
e - Magic Dart            Conj           92%        1d7       1%          1
f - Call Imp              Summ           23%        N/A       2%          2
g - Searing Ray           Conj           46%        2d6       2%          2
Your spell library was empty.

Dungeon Overview and Level Annotations

Branches:
Dungeon (5/15)              Sewer (1/1)
 Temple: D:4-7

Altars:
Elyvilon
Qazlal

Annotations:
D:3 2 transporters, lokiplouj's ghost, amateur GnBe


Innate Abilities, Weirdness & Mutations

You are immune to sickness and miasma.
You are immune to poison.
Your flesh is very heat resistant. (rF++)
You are vulnerable to cold. (rC-)
You float through the air rather than walking.
You learn spells naturally, not from books.
Your magical power is your life essence.
You have superior vitality. (+4 MHP)
You expend health (3 HP) to strengthen your wands.


Message History

You kill the ball python!
The bullfrog hits you. The ball python closely misses you. x2
The bullfrog hits you. The bullfrog closely misses you.
You freeze the bullfrog!
The bullfrog is severely wounded.
The ball python closely misses you. The ball python barely misses you.
The bullfrog hits you! The bullfrog barely misses you.
The ball python barely misses you. The ball python misses you.
The bullfrog hits you but does no damage.
Unknown command.
You hit the bullfrog.
The bullfrog is poisoned.
The bullfrog is almost dead.
The bullfrog hits you. The bullfrog hits you!
The ball python closely misses you. The ball python misses you.
The bullfrog barely misses you.
Unknown command.
Okay, then.
Casting: Freeze (safe; 1% risk of failure)
Confirm with . or Enter, or press ? or * to list all spells.
Okay, then.
Okay, then.
As you read the scroll of teleportation, it crumbles to dust.
You feel strangely unstable.
The ball python hisses angrily.
You hear an angry hiss.
The bullfrog hits you.
* * * LOW HITPOINT WARNING * * *
The bullfrog hits you.
* * * LOW HITPOINT WARNING * * *
The ball python misses you. The ball python grabs you.
The ball python constricts you. The bullfrog hits you.
* * * LOW HITPOINT WARNING * * *
Unknown command.
It was a potion of mutation.
You feel extremely strange.
You feel your magical essence link to the dungeon's wands.
The bullfrog hits you.
* * * LOW HITPOINT WARNING * * *
The ball python bites you.
* * * LOW HITPOINT WARNING * * *
The ball python constricts you.
You die...

#~~~≈~~# #~~†~~~#
#~≈~~~~# #~~~≈≈≈#
#≈~~~~≈# #~~†~≈≈#
#≈~~~~≈# #~~~~~≈#
#~S~~~≈# #≈~~~~~#
#~~≈~≈≈# #≈≈~~~~#
#~.~≈≈≈# #≈≈~~~~#
#~.~SF≈# #≈~†~~##
#~~#F@≈# #≈~))~~#
#~#~~≈≈# ##~~~~≈#
#≈~~~~≈# #~~~~≈≈#
#≈~~~~≈# #~~~≈≈≈#
#≈~~~~≈# #~~~~~≈#
#~≈~~~≈# #≈~†~~≈#
#~~~~~~##### #~~†~~~#
#.~~~~###..# #.~~~~.#
#......##††###......#


You could see 2 bullfrogs and 2 ball pythons.

Vanquished Creatures
  An ogre (D:4)
  Blork the orc (D:5)
  2 scorpions
  A howler monkey (D:4)
  A hound (D:5)
  An iguana (D:5)
  3 orc wizards (D:4)
  3 gnolls (D:5)
  6 adders
  6 river rats (Sewer)
  4 worms
  3 dart slugs
  10 orcs
  6 endoplasms
  3 giant cockroaches
  9 hobgoblins
  10 kobolds
  4 quokkas
  15 ball pythons
  6 bats
  4 frilled lizards
  4 goblins
  22 rats
125 creatures vanquished.

Vanquished Creatures (others)
  7 plants
7 creatures vanquished.

Grand Total: 132 creatures vanquished

Notes
Turn   | Place    | Note
-------+----------+-------------------------------------------
     0 | D:1      | Zonian the Djinni Ice Elementalist began the quest for the
                  | Orb.
     0 | D:1      | Zonian set off with the following spells memorised: Freeze,
                  | Frozen Ramparts, Ozocubu's Armour, Summon Ice Beast.
     0 | D:1      | Reached XP level 1. HP: 15/15 MP: 0/0
   536 | D:1      | Reached XP level 2. HP: 6/21 MP: 0/0
  1590 | D:1      | Reached XP level 3. HP: 17/25 MP: 0/0
  1590 | D:1      | Learned a level 1 spell: Magic Dart
  1930 | D:2      | Found a stormy altar of Qazlal.
  2527 | D:2      | Reached skill level 3 in Dodging
  2726 | D:2      | Identified the +4 spear of Koirekk {elec, rC- Str+6 Dex+4}
  2812 | D:2      | Reached XP level 4. HP: 24/31 MP: 0/0
  3139 | D:3      | Noticed a scorpion
  3195 | D:3      | Killed a scorpion
  3196 | D:3      | Reached XP level 5. HP: 32/35 MP: 0/0
  3196 | D:3      | Learned a level 2 spell: Call Imp
  3251 | D:3      | Noticed lokiplouj's ghost (amateur GnBe)
  3287 | D:3      | Identified the +9 spear "Eluggar" {venom, rF- Str+2 Dex+4
                  | Stlth+}
  3287 | D:3      | Identified the +1 kite shield of Integrity {rElec}
  3294 | D:3      | Found a transporter.
  3294 | D:3      | Found a transporter.
  3642 | D:3      | Found a white marble altar of Elyvilon.
  3987 | D:4      | Reached skill level 4 in Dodging
  4510 | D:4      | Reached XP level 6. HP: 37/40 MP: 0/0
  4539 | D:4      | Noticed an ogre
  5138 | D:4      | Reached XP level 7. HP: 21/45 MP: 0/0
  5138 | D:4      | Learned a level 2 spell: Searing Ray
  6142 | D:5      | Entered Level 5 of the Dungeon
  6173 | D:5      | Noticed Blork the orc
  6175 | D:5      | Reached skill level 5 in Dodging
  6181 | D:5      | Killed Blork the orc
  6379 | D:5      | Found a glowing drain.
  6402 | Sewer    | Entered a sewer
  7215 | Sewer    | Gained mutation: You expend health (3 HP) to strengthen
                  | your wands. [potion of mutation]
  7215 | Sewer    | HP: 2/45 [bullfrog (2)]
  7215 | Sewer    | Constricted to death by a ball python

Illustrated notes

Levels and vault maps discovered:
D:1:      psy_arrival_dodecagon, layout_basic
D:2:      cheibrodos_old_hovel, layout_basic, basic_altar, nrook_loot_triangle
D:3:      layout_loops_ring, mainiacjoe_overflow_cross_hatched,
          gammafunk_ghost_gnarly_gnolls
D:4:      layout_cave_pods, nrook_mini_vaults
D:5:      layout_loops_corners, kennysheep_mini_moat, serial_shops, shop,
          cheibrodos_sewer_entry_sluice, uniq_blork_the_orc
Sewer:    sewer_minmay_w

Skill      XL: |  1  2  3  4  5  6  7 |
---------------+----------------------+-----
Stealth        | 2 3 4 |  4.4
Dodging        | 3 4 5 |  5.5
Spellcasting   | 4 |  4.8

Action                   |  1- 3 |  4- 6 |  7- 9 || total
-------------------------+-------+-------+-------++-------
Melee: Unarmed           |    16 |       |       ||    16
       Dagger            |    12 |    71 |    86 ||   169
       Punch             |       |       |     1 ||     1
 Cast: Freeze            |    62 |    42 |    21 ||   125
       Frozen Ramparts   |       |     2 |     4 ||     6
       Searing Ray       |       |       |     5 ||     5
       Magic Dart        |       |       |     3 ||     3
  Use: Scroll            |       |     1 |     2 ||     3
       Potion            |       |       |     1 ||     1
 Stab: Sleeping          |       |     4 |     7 ||    11
Armor: Robe              |    13 |    13 |     9 ||    35
Dodge: Dodged            |    48 |    85 |   145 ||   278

Table legend: (Time is in decaauts)
 A = Elapsed time spent in this place.
 B = Non-inter-level travel time spent in this place.
 C = Inter-level travel time spent in this place.
 D = Time resting spent in this place.
 E = Time spent auto-exploring this place.
 F = Levels seen in this place.
 G = Mean time per level.
                   A        B        C        D        E       F      G
               +--------+--------+--------+--------+--------+-----+--------+
         Total |   7214 |   7006 |    208 |   3032 |   2679 |   6 | 1202.3 |
       Dungeon |   6401 |   6193 |    208 |   2598 |   2615 |   5 | 1280.2 |
         Sewer |    812 |    812 |      0 |    434 |     64 |   1 |  812.0 |
               +--------+--------+--------+--------+--------+-----+--------+

Top non-repeatable levels by time:
     D:4: 1855 daAuts
     D:1: 1821 daAuts
     D:3: 1333 daAuts
     D:2: 1131 daAuts
   Sewer: 812 daAuts
     D:5: 259 daAuts
